 Dungeon Crawl Stone Soup version 0.26-a0-639-g72c4674329 (webtiles) character file.

Game seed: 17125428415664599691

17353 Borgoz the Fighter (level 12, 0/110 HPs)
             Began as a Minotaur Abyssal Knight on Sept 18, 2020.
             Was a High Priest of Lugonu.
             Slain by Urug
             ... wielding a +4 double sword of flaming
              (21 damage)
             ... on level 10 of the Dungeon.
             The game lasted 00:17:42 (12499 turns).

Borgoz the Fighter (Minotaur Abyssal Knight)       Turns: 12499, Time: 00:17:43

Health: 0/110      AC: 15    Str: 19    XL:     12   Next: 18%
Magic:  14/14      EV: 17    Int:  9    God:    Lugonu [*****.]
Gold:   757        SH:  5    Dex: 13    Spells: 11/11 levels left

rFire    . . .     SeeInvis .   a - +1 falchion (protect)
rCold    . . .     Faith    .   (no shield)
rNeg     . . .     Spirit   .   E - +2 leather armour "Yluavuxi" {MR+}
rPois    .         Reflect  +   (helmet restricted)
rElec    .         Harm     .   s - +1 cloak
rCorr    .         Rampage  .   (no gloves)
MR       +....                  (no boots)
Stlth    +++.......             r - amulet of reflection
HPRegen  0.28/turn              i - ring of stealth
MPRegen  0.14/turn              (no ring)

@: protection aura
A: retaliatory headbutt, horns 2
a: Depart the Abyss, Bend Space, Banish, Corrupt, Enter the Abyss, Renounce
Religion


You were on level 10 of the Dungeon.
You worshipped Lugonu.
Lugonu was extremely pleased with you.
You visited 2 branches of the dungeon, and saw 11 of its levels.
You visited the Abyss 1 time.
You also visited: Bailey.

You collected 757 gold pieces.

Inventory:

Hand Weapons
 a - a +1 falchion of protection (weapon)
 b - a +0 great sword
Armour
 s - a +1 cloak (worn)
 E - the +2 leather armour "Yluavuxi" (worn) {MR+}
   (You found it on level 9 of the Dungeon)

   It affects your resistance to hostile enchantments.
Jewellery
 i - a ring of stealth (left hand)
 r - an amulet of reflection (around neck)
Wands
 e - a wand of disintegration (24)
 o - a wand of polymorph (9)
Scrolls
 c - a scroll of remove curse
 f - 4 scrolls of enchant weapon {unknown}
 g - a scroll of magic mapping
 k - 6 scrolls of teleportation
 l - a scroll of fog
 p - a scroll of amnesia
 v - a scroll of blinking {unknown}
 w - a scroll of acquirement {unknown}
 x - 2 scrolls of torment {unknown}
 y - 3 scrolls of fear {unknown}
 A - a scroll of enchant armour
 C - a scroll of random uselessness {unknown}
Potions
 h - a potion of curing
 j - 2 potions of might {unknown}
 m - 2 potions of flight
 n - a potion of lignification {unknown}
 q - 2 potions of resistance
 t - 2 potions of magic {unknown}
 u - a potion of haste {unknown}
 z - a potion of cancellation
 B - a potion of degeneration {unknown}


   Skills:
 * Level 11.4 Fighting
 * Level 11.1 Long Blades
 * Level 9.4 Armour
 * Level 10.1 Dodging
 + Level 4.6 Stealth
 - Level 5.0 Invocations
 + Level 4.5 Evocations


You had 11 spell levels left.
You didn't know any spells.
Your spell library contained the following spells:

 Spells                   Type           Power        Failure   Level
 Beastly Appendage        Tmut           #.....       43%         1
 Magic Dart               Conj           #...         43%         1
 Blink                    Tloc           N/A          56%         2
 Call Imp                 Summ           #.......     56%         2
 Poisonous Vapours        Pois/Air       #.....       56%         2
 Slow                     Hex            #.......     56%         2
 Wereblood                Tmut           #.......     56%         2
 Conjure Flame            Conj/Fire      #.......     80%         3
 Mephitic Cloud           Conj/Pois/Air  #.......     80%         3
 Spider Form              Tmut/Pois      #.........   80%         3
 Ice Form                 Ice/Tmut       #.......     99%         4
 Blade Hands              Tmut           #.........   100%        5
 Freezing Cloud           Conj/Ice/Air   #.........   100%        6


Dungeon Overview and Level Annotations

Branches:
Dungeon (10/15)            Temple (1/1) D:6            Lair (0/6) D:9
 Bailey (visited)
    Orc: D:9-12

Altars:
Ashenzari
Cheibriados
Dithmenos
Elyvilon
Fedhas
Gozag
Hepliaklqana
Kikubaaqudgha
Makhleb
Nemelex Xobeh
Okawaru
Qazlal
Ru
Sif Muna
Trog
Uskayaw
Vehumet
Wu Jian
Xom
Yredelemnul
Zin
The Shining One

Shops:
D:9 (

Annotations:
D:10 Urug


Innate Abilities, Weirdness & Mutations

You reflexively headbutt those who attack you in melee.
You have a pair of horns on your head.


Message History

Urug hits you with a +4 double sword of flaming!
* * * LOW HITPOINT WARNING * * *
Urug burns you.
* * * LOW HITPOINT WARNING * * *
Evoke which item? (* to show all) (? for menu, Esc to quit)
Aiming: Disintegrate
Press: ? - help, Shift-Dir - straight line, f/p - Urug
Aim: Urug, wielding a +4 double sword of flaming, wearing a +2 ring mail of magic resistance and quivering a javelin (severely wounded, chance to defeat MR: 32%) Urug is blasted!
Urug hits you with a +4 double sword of flaming.
* * * LOW HITPOINT WARNING * * *
Urug burns you.
* * * LOW HITPOINT WARNING * * *
Evoke which item? (* to show all) (? for menu, Esc to quit)
Aiming: Disintegrate
Press: ? - help, Shift-Dir - straight line, f/p - Urug
Aim: Urug, wielding a +4 double sword of flaming, wearing a +2 ring mail of magic resistance and quivering a javelin (almost dead, chance to defeat MR: 32%) Urug easily resists.
Urug hits you with a +4 double sword of flaming!!
You die...

#### #.. #.#
#.####.#####.##.# #
#(.o@.$.†.(..##.##)#.
#######.#######...#..
.................... #
.######.#######...# .# #.#
##.###.# #
#.#######.....>.
##.#####.##.....((.....
#........##.####..)...#
#.....................#.##


You could see Urug.

Vanquished Creatures
  An orc warlord (Bailey)
  2 two-headed ogres
  A deep elf mage (D:9)
  Grinder (D:6)
  3 hippogriffs
  5 yaks (D:9)
  Menkaure (D:7)
  14 orc warriors
  3 phantoms
  A sky beast (D:4)
  2 ogres
  5 centaurs
  3 big kobolds
  6 bullfrogs
  A wyvern skeleton (D:7)
  5 scorpions
  5 wights (D:7)
  4 centaur skeletons
  3 centaur zombies
  9 hounds
  2 jellies
  3 bullfrog skeletons
  4 orc priests
  2 orc wizards
  An iguana (D:6)
  9 worker ants
  A killer bee zombie (D:7)
  2 hound skeletons
  2 hound zombies (D:4)
  A howler monkey zombie (D:8)
  14 gnolls
  A howler monkey skeleton (D:6)
  15 adders
  2 shadow imps
  2 white imps
  2 ufetubi
  8 worms
  An adder zombie (D:8)
  3 dart slugs
  4 leopard geckos
  32 orcs
  8 giant cockroaches
  25 goblins
  12 hobgoblins
  13 jackals
  5 quokkas
  3 ball pythons
  12 bats
  5 frilled lizards
  A jackal zombie (D:4)
  18 kobolds
  A leopard gecko zombie (D:4)
  3 quokka skeletons (D:4)
  8 rats
300 creatures vanquished.

Notes
Turn   | Place    | Note
-------+----------+-------------------------------------------
     0 | Abyss:1  | Borgoz the Minotaur Abyssal Knight began the quest for the
                  | Orb.
     0 | Abyss:1  | Reached XP level 1. HP: 19/19 MP: 1/1
    48 | Abyss:1  | Noticed a tentacled starspawn
    88 | Abyss:2  | Noticed a small abomination
    90 | D:1      | Escaped the Abyss
   288 | D:1      | Reached XP level 2. HP: 23/27 MP: 2/2
   361 | D:1      | Reached * piety under Lugonu
   924 | D:1      | Reached XP level 3. HP: 30/33 MP: 3/3
  1828 | D:2      | Found a faded altar of an unknown god.
  2073 | D:2      | Found a blossoming altar of Fedhas.
  2122 | D:2      | Reached XP level 4. HP: 33/40 MP: 4/4
  2759 | D:3      | Reached ** piety under Lugonu
  3077 | D:3      | Reached XP level 5. HP: 47/47 MP: 5/5
  3472 | D:4      | Found a white marble altar of Elyvilon.
  3472 | D:4      | Found a shattered altar of Ashenzari.
  3505 | D:4      | Reached skill level 1 in Stealth
  3505 | D:4      | Reached skill level 1 in Evocations
  3545 | D:4      | Reached XP level 6. HP: 33/55 MP: 5/7
  3700 | D:4      | Reached skill level 5 in Fighting
  4720 | D:4      | Reached XP level 7. HP: 50/61 MP: 8/8
  4860 | D:5      | Entered Level 5 of the Dungeon
  5220 | D:5      | Reached *** piety under Lugonu
  5278 | D:5      | Noticed a two-headed ogre
  5284 | D:5      | Killed a two-headed ogre
  5284 | D:5      | Reached skill level 5 in Long Blades
  5284 | D:5      | Reached skill level 5 in Armour
  5284 | D:5      | Reached XP level 8. HP: 71/71 MP: 9/9
  5463 | D:5      | Reached skill level 5 in Dodging
  5589 | D:5      | Found a hide-covered altar of Uskayaw.
  5603 | D:5      | Found a burning altar of Makhleb.
  5615 | D:5      | Found a bloodstained altar of Trog.
  5650 | D:5      | Found an ancient bone altar of Kikubaaqudgha.
  5729 | D:5      | Found an iron altar of Okawaru.
  5933 | D:6      | Found a staircase to the Ecumenical Temple.
  5983 | Temple   | Entered the Ecumenical Temple
  6514 | D:6      | Reached **** piety under Lugonu
  6602 | D:6      | Noticed Grinder
  6617 | D:6      | Paralysed by Grinder for 2 turns
  6627 | D:6      | Killed Grinder
  6627 | D:6      | Reached XP level 9. HP: 42/79 MP: 11/11
  7363 | D:7      | Found a flagged portal.
  7532 | Bailey   | Entered a bailey
  8014 | Bailey   | Reached ***** piety under Lugonu
  8527 | Bailey   | Noticed an orc warlord
  8783 | Bailey   | Reached XP level 10. HP: 62/89 MP: 12/12
  9221 | Bailey   | Killed an orc warlord
  9221 | Bailey   | Reached skill level 5 in Invocations
  9680 | D:7      | Noticed Menkaure
  9690 | D:7      | Killed Menkaure
  9730 | D:7      | Found an ornate altar of the Wu Jian Council.
  9769 | D:7      | Found an iron altar of Okawaru.
  9912 | D:7      | Got a glimmering dagger
  9913 | D:7      | Identified the cursed +3 dagger "Trog's Hatred" {protect,
                  | Int+4 Dex+4} (You found it on level 7 of the Dungeon)
 11115 | D:9      | Found a staircase to the Lair.
 11139 | D:9      | Got a fine leather armour
 11150 | D:9      | Identified the +2 leather armour "Yluavuxi" {MR+} (You
                  | found it on level 9 of the Dungeon)
 11202 | D:9      | Noticed a two-headed ogre
 11215 | D:9      | Killed a two-headed ogre
 11222 | D:9      | Reached XP level 11. HP: 47/97 MP: 13/13
 11251 | D:9      | HP: 3/99 [yak (14)]
 11649 | D:9      | Found Jaosek's Antique Weapon Shop.
 11796 | D:9      | Found a snail-covered altar of Cheibriados.
 11806 | D:9      | Reached skill level 10 in Dodging
 11806 | D:9      | Reached XP level 12. HP: 110/110 MP: 14/14
 12380 | D:10     | Entered Level 10 of the Dungeon
 12473 | D:10     | Noticed Urug
 12499 | D:10     | Slain by Urug

Illustrated notes

Levels and vault maps discovered:
D:1:      minmay_arrival_split_and_join, layout_loops_ring, kennysheep_boxes
D:2:      cheibrodos_helix_gallery, layout_loops_corners,
          chequers_ecumenical_altar_simple_redux, fedhas_altar_1
D:3:      minmay_spotlight, layout_basic, minmay_door_square
D:4:      layout_basic, gammafunk_temple_overflow_elements, serial_undead,
          serial_undead_b, serial_undead_e, serial_undead_d, serial_undead_c,
          serial_undead_d, st_stairs_1, cheibrodos_gnoll_hut
D:5:      layout_rooms, kiku_gazebo_pond_becter,
          nicolae_overflow_quartered_altars, minmay_manual_mail
D:6:      layout_cave_pods, minmay_temple_entry_drinking_statues,
          chequers_serial_rivers_small_a, uniq_grinder
D:7:      layout_loops_ring, lemuel_coloured_pillars_altar, enter_bailey_6,
          basic_altar, uniq_menkaure
D:8:      layout_basic
D:9:      layout_loops_cross, cheibriados_altar_1, lair_entry_dummy,
          serial_shops, shop_coins
D:10:     layout_loops_ring, hangedman_corner_corridor, uniq_urug, uniq_snorg
Temple:   nicolae_temple_figure_eight

Skill      XL: |  1  2  3  4  5  6  7  8  9 10 11 |
---------------+----------------------------------+-----
Invocations    | 2 3 4 5 |  5.0
Armour         | 3 4 5 6 7 9 |  9.4
Fighting       | 4 5 6 7 8 9 11 | 11.4
Long Blades    | 3 4 5 6 7 9 11 | 11.1
Dodging        | 2 3 4 5 6 8 10 | 10.1
Stealth        | 1 2 3 4 |  4.6
Evocations     | 1 2 3 4 |  4.5

Action                   |  1- 3 |  4- 6 |  7- 9 | 10-12 || total
-------------------------+-------+-------+-------+-------++-------
Melee: Falchion          |    92 |    18 |   360 |   429 ||   899
       Headbutt          |    18 |    28 |   110 |   102 ||   258
       Long sword        |       |   138 |   103 |       ||   241
Throw: Throwing net      |       |       |       |     2 ||     2
Invok: Depart the Abyss  |     1 |       |       |       ||     1
Evoke: Wand              |       |       |     4 |    12 ||    16
  Use: Scroll            |       |       |    12 |     3 ||    15
       Potion            |       |       |     1 |    13 ||    14
 Stab: Sleeping          |       |     8 |     5 |     7 ||    20
       Paralysed         |       |       |       |    46 ||    46
       Invisible         |       |       |       |     6 ||     6
       Held in net/web   |       |       |       |     1 ||     1
Armor: Leather armour    |     7 |       |       |    28 ||    35
       Ring mail         |    10 |    67 |   126 |    72 ||   275
Dodge: Dodged            |    62 |    92 |   281 |   179 ||   614
Block: Other             |       |    20 |    98 |    75 ||   193
       Reflection        |       |       |     1 |     3 ||     4
       Rpst.: Falchion   |    19 |     2 |    71 |    45 ||   137
       Long sword        |       |    17 |    12 |       ||    29

Table legend: (Time is in decaauts)
 A = Elapsed time spent in this place.
 B = Non-inter-level travel time spent in this place.
 C = Inter-level travel time spent in this place.
 D = Time resting spent in this place.
 E = Time spent auto-exploring this place.
 F = Levels seen in this place.
 G = Mean time per level.
                   A        B        C        D        E       F      G
               +--------+--------+--------+--------+--------+-----+--------+
         Total |  12503 |  12205 |    298 |   3062 |   6810 |  14 |  893.1 |
       Dungeon |  10456 |  10170 |    286 |   2063 |   6407 |  10 | 1045.6 |
        Temple |    212 |    200 |     12 |      0 |    200 |   1 |  212.0 |
         Abyss |     89 |     89 |      0 |      0 |     52 |   2 |   44.5 |
        Bailey |   1745 |   1745 |      0 |    999 |    151 |   1 | 1745.0 |
               +--------+--------+--------+--------+--------+-----+--------+

Top non-repeatable levels by time:
     D:4: 1936 daAuts
  Bailey: 1745 daAuts
     D:9: 1303 daAuts
     D:6: 1298 daAuts
     D:2: 1260 daAuts
     D:8: 1102 daAuts
     D:1: 1076 daAuts
     D:7: 830 daAuts
     D:3: 817 daAuts
     D:5: 719 daAuts
  Temple: 212 daAuts
    D:10: 110 daAuts
 Abyss:1: 52 daAuts
 Abyss:2: 37 daAuts
